 Dungeon Crawl Stone Soup version 0.31-a0-986-g5e6e4ef867 (webtiles) character file.

Game seed: 57262960658131253

178 greenreed the Trooper (level 5, 0/81 HPs)
             Began as an Ogre Shapeshifter on Nov 9, 2023.
             Succumbed to a scorpion's poison
             ... on level 4 of the Dungeon.
             The game lasted 00:03:08 (2592 turns).

greenreed the Trooper (Ogre Shapeshifter)           Turns: 2592, Time: 00:03:08

Health: 0/81       AC:  3    Str: 20    XL:     5   Next: 58%
Magic:  5/5        EV: 10    Int: 11    God:
Gold:   233        SH:  0    Dex:  8    Spells: 4/4 levels left

rFire   . .          .
                       - Unarmed
rCold   . . .        (no shield)
rNeg    . . .        a - +0 animal skin
rPois   .            (helmet currently unavailable)
rElec   .            (cloak currently unavailable)
rCorr   .            (gloves unavailable)
SInv    .            (boots unavailable)
Will    .....        (no amulet) Stlth
                     (no ring)
HPRegen 0.33/turn    (no ring)
MPRegen 0.09/turn

%: no passive effects
@: berserking, lethally poisoned (0 -> -18), beast-form, very quick
A: beast (slay +1), large, unfitting armour, tough skin 1
a: Begin Untransformation


You were on level 4 of the Dungeon.
You were a hulking beast.
You visited 1 branch of the dungeon, and saw 4 of its levels.

You collected 233 gold pieces.

Inventory:

Armour
 a - a +0 animal skin (worn)
 g - a +2 hat
Talismans
 c - a beast talisman
 d - a flux talisman
Scrolls
 e - 2 scrolls of torment {unknown}
 f - 2 scrolls of noise {unknown}
 h - 2 scrolls of poison {unknown}
 j - 2 scrolls of vulnerability {unknown}
 k - 2 scrolls of teleportation {unknown}
 n - a scroll of blinking {unknown}
Potions
 b - a potion of lignification
 i - a potion of berserk rage
 l - a potion of heal wounds {unknown}
 m - a potion of curing {unknown}
 o - 2 potions of ambrosia {unknown}
 p - a potion of haste {unknown}


   Skills:
 * Level 4.1 Fighting
 + Level 2.5 Dodging
 * Level 3.9 Unarmed Combat
 + Level 3.4 Shapeshifting


You had 4 spell levels left.
You didn't know any spells.
Your spell library contained the following spells:

 Spells                   Type           Power      Damage    Failure   Level
 Apportation              Tloc           0%         N/A       34%         1
 Shock                    Conj/Air       0%         1d3       34%         1
 Jinxbite                 Hex            0%         N/A       47%         2
 Call Canine Familiar     Summ           0%         N/A       71%         3
 Sigil of Binding         Hex            0%         N/A       71%         3
 Swiftness                Air            0%         N/A       71%         3
 Airstrike                Air            0%         2d(0-16)  98%         4
 Dimensional Bullseye     Hex/Tloc       0%         N/A       98%         4
 Leda's Liquefaction      Hex/Erth       0%         N/A       98%         4
 Alistair's Intoxication  Tmut/Pois      0%         N/A       100%        5


Dungeon Overview and Level Annotations

Branches:
Dungeon (4/15)
 Temple: D:4-7

Altars:


Innate Abilities, Weirdness & Mutations

You are a hulking beast.
Your limbs bulge with bestial killing power. (Slay +1)
You are too large for most types of armour.
You have tough skin. (AC +1)


Message History

You are more poisoned.
The scorpion poisons you!
You hit the scorpion.
The scorpion is heavily wounded.
You feel very sick. The scorpion stings you.
You are more poisoned.
The scorpion poisons you!
You hit the scorpion.
The scorpion is heavily wounded.
You feel very sick. The scorpion closely misses you.
You hit the scorpion.
The scorpion is almost dead.
You feel very sick. The scorpion stings you.
* * * LOW HITPOINT WARNING * * *
You hit the scorpion but do no damage. Your punch misses the scorpion.
The scorpion is almost dead.
* * * LOW HITPOINT WARNING * * *
You feel very sick. The scorpion misses you.
You closely miss the scorpion.
The scorpion is almost dead.
* * * LOW HITPOINT WARNING * * *
You feel very sick. The scorpion stings you.
* * * LOW HITPOINT WARNING * * *
You are more poisoned.
The scorpion poisons you!
Unknown command.
You closely miss the scorpion.
The scorpion is almost dead.
* * * LOW HITPOINT WARNING * * *
You feel very sick.
The scorpion stings you but does no damage.
It was a potion of berserk rage.
A red film seems to cover your vision as you go berserk!
You feel yourself moving faster!
You feel mighty!
You die...

....#............#.....#
....#......#...........#
...........##..........#
......................#
............##.<.....#
#..................>.#
....................#
..................#
...........##'##h.#
...........#..≈#s.......
...........#~~≈#........
...........#≈≈≈#........
...........#####........
.....................PPP
.....................P~~
...##................PPP
.......##......


You could see a scorpion.

Vanquished Creatures
  A hound (D:3)
  An orc priest (D:3)
  An orc wizard (D:3)
  2 adders
  A white imp (D:3)
  2 worms
  3 dart slugs
  2 orcs
  8 ball pythons
  4 endoplasms
  3 giant cockroaches
  4 hobgoblins
  3 quokkas
  2 bats
  4 frilled lizards
  5 goblins
  8 kobolds
  6 rats
60 creatures vanquished.

Notes
Turn   | Place    | Note
-------+----------+-------------------------------------------
     0 | D:1      | greenreed the Ogre Shapeshifter began the quest for the
                  | Orb.
     0 | D:1      | Reached XP level 1. HP: 19/19 MP: 1/1
   209 | D:1      | Reached skill level 2 in Fighting
   209 | D:1      | Reached XP level 2. HP: 26/28 MP: 2/2
   616 | D:1      | Reached XP level 3. HP: 28/36 MP: 3/3
  1191 | D:2      | Found a faded altar of an unknown god.
  1222 | D:2      | Reached skill level 3 in Fighting
  1260 | D:2      | Reached XP level 4. HP: 45/45 MP: 4/4
  2068 | D:3      | Reached XP level 5. HP: 52/53 MP: 5/5
  2426 | D:3      | Reached skill level 4 in Fighting
  2591 | D:4      | HP: 2/54 [poisoned by a scorpion]
  2592 | D:4      | Succumbed to a scorpion's poison

Illustrated notes

Levels and vault maps discovered:
D:1:      mrwooster_arrival_arrow, layout_basic, minmay_unequal
D:2:      layout_rooms, ebering_ecumenical_altar_hall
D:3:      layout_basic
D:4:      layout_cave_pools, serial_column_ruins, column_ruins_hut_water,
          column_ruins_circle_medium, column_ruins_open_tiny,
          column_ruins_open_tiny, column_ruins_open_tiny,
          column_ruins_columns_T, portal_sewer_entry_b, serial_shops, shop,
          dreamdust_gnoll_farm

Skill      XL: |  1  2  3  4  5 |
---------------+----------------+-----
Fighting       | 2 3 4 |  4.1
Dodging        | 2 |  2.5
Unarmed Combat | 3 |  3.9
Shapeshifting  | |  3.4

Action                     |  1- 3 |  4- 6 || total
---------------------------+-------+-------++-------
  Melee: Unarmed           |   103 |    87 ||   190
         Punch             |     2 |       ||     2
    Use: Potion            |       |     1 ||     1
 Armour: Animal skin       |    65 |    52 ||   117
  Dodge: Dodged            |    36 |    31 ||    67

Table legend: (Time is in decaauts)
 A = Elapsed time spent in this place.
 B = Non-inter-level travel time spent in this place.
 C = Inter-level travel time spent in this place.
 D = Time resting spent in this place.
 E = Time spent auto-exploring this place.
 F = Levels seen in this place.
 G = Mean time per level.
                   A        B        C        D        E       F      G
               +--------+--------+--------+--------+--------+-----+--------+
         Total |   2579 |   2480 |     99 |    236 |   1846 |   4 |  644.8 |
       Dungeon |   2579 |   2480 |     99 |    236 |   1846 |   4 |  644.8 |
               +--------+--------+--------+--------+--------+-----+--------+

Top non-repeatable levels by time:
     D:3: 940 daAuts
     D:1: 891 daAuts
     D:2: 665 daAuts
     D:4: 82 daAuts
